 Dungeon Sprint DCSS version 0.26-a0-663-g36e8fdb655 (webtiles) character file.

Game seed: 994005476349126132

0 Conn the Magician (level 2, 0/25 HPs)
             Began as an Octopode Hedge Wizard on Oct 10, 2020.
             Was an Initiate of Vehumet.
             Succumbed to a worker ant's poison
             ... in the Dungeon (Sprint VI: "Thunderdome").
             The game lasted 00:01:04 (39 turns).

Conn the Magician (Octopode Hedge Wizard)             Turns: 39, Time: 00:01:04

Health: 0/25       AC:  1    Str:  9    XL:     2   Next: 95%
Magic:  1/8        EV: 14    Int: 16    God:    Vehumet [......]
Gold:   0          SH:  0    Dex: 11    Spells: 10/11 levels left

rFire    . . .     SeeInvis .   a - +0 dagger
rCold    . . .     Faith    .   (no shield)
rNeg     . . .     Spirit   .   b - +0 hat
rPois    .         Reflect  .   (no amulet)
rElec    .         Harm     .   (no ring)
rCorr    .         Rampage  .   (no ring)
MR       .....     NoTele   +   (no ring)
Stlth    ..........             (no ring)
HPRegen  0.08/turn              (no ring)
MPRegen  0.11/turn              (no ring)
                                (no ring)
                                (no ring)

@: berserking, lethally poisoned (0 -> -14), very quick
A: almost no armour, stealthy swim, amphibious, 8 rings, constrict 8, camouflage
1, gelatinous body 1
a: Renounce Religion


You were in the Dungeon.
You worshipped Vehumet.
Vehumet was noncommittal.
You visited 1 branch

Inventory:

Hand Weapons
 a - a +0 dagger (weapon)
Armour
 b - a +0 hat (worn)
Scrolls
 i - a scroll of blinking
Potions
 f - a potion of haste
 g - 2 potions of magic


   Skills:
 + Level 0.1 Fighting
 + Level 2.8 Dodging
 + Level 3.8 Stealth
 + Level 5.2 Spellcasting
 + Level 1.0 Conjurations
   Level 1.0 Summonings
   Level 1.0 Translocations


You had 10 spell levels left.
You knew the following spells:

 Your Spells              Type           Power        Failure   Level
a - Magic Dart            Conj           #...         10%         1

Your spell library contained the following spells:

 Spells                   Type           Power        Failure   Level
 Blink                    Tloc           N/A          16%         2
 Call Imp                 Summ           #.......     16%         2
 Slow                     Hex            #.......     22%         2
 Conjure Flame            Conj/Fire      #.......     36%         3
 Mephitic Cloud           Conj/Pois/Air  #.......     36%         3


Dungeon Overview and Level Annotations

Branches:
Dungeon (1/1)

Altars:
Cheibriados
Fedhas
Gozag
Kikubaaqudgha
Makhleb
Vehumet
Wu Jian
Yredelemnul
The Shining One
Beogh

Shops:
D *[?


Innate Abilities, Weirdness & Mutations

You cannot wear most types of armour.
You are very stealthy in the water. (Stealth+)
You are amphibious.
You can wear up to eight rings at the same time.
You can use your tentacles to constrict eight enemies at once.
Your skin changes colour to match your surroundings (Stealth+).
Your rubbery body absorbs attacks. (AC +1, EV +1)


Message History

You are lethally poisoned!
The worker ant poisons you!
Casting: Magic Dart (safe; 10% risk of failure)
Confirm with . or Enter, or press ? or * to list all spells.
Aiming: Magic Dart (safe; 10% risk of failure)
Press: ? - help, Shift-Dir - straight line, f/p - worker ant
Aim: a worker ant (heavily wounded, constricted by you)
The magic dart hits the worker ant.
The worker ant is severely wounded.
You constrict the worker ant, but do no damage.
You feel sick. The worker ant bites you.
You hit the worker ant but do no damage.
The worker ant is severely wounded.
You constrict the worker ant.
You feel sick. The worker ant bites you.
* * * LOW HITPOINT WARNING * * *
Unknown command.
A red film seems to cover your vision as you go berserk!
You feel yourself moving faster!
You feel mighty!
You constrict the worker ant, but do no damage.
You die...

#_.......
###.........###
#⌠....... ..⌠#
######.8..... ..8.#
##.___......# .....
###∩........8.# .8...
##.............###.....
#⌠..........###B..#
#⌠..........# #.@.#
#⌠..........###..†#
#.............###.....
###∩........8.# .8...
##∩___......# .....
######.8...... ..8.#
#⌠........ ..⌠#
###.........###
#_.......


You could see a worker ant.

Vanquished Creatures
  A worker ant (D)
1 creature vanquished.

Notes
Turn   | Place    | Note
-------+----------+-------------------------------------------
     0 | D        | Conn the Octopode Hedge Wizard began the quest for the Orb.
     0 | D        | Reached XP level 1. HP: 11/11 MP: 4/4
     0 | D        | Found a glowing golden altar of the Shining One.
     0 | D        | Found a roughly hewn altar of Beogh.
     1 | D        | Found an ornate altar of the Wu Jian Council.
     1 | D        | Found a blossoming altar of Fedhas.
     2 | D        | Found an opulent altar of Gozag.
     2 | D        | Found an ancient bone altar of Kikubaaqudgha.
     3 | D        | Found a radiant altar of Vehumet.
     3 | D        | Found a basalt altar of Yredelemnul.
     3 | D        | Found Vodwidghu's Identification Station.
     4 | D        | Found Fiunidoe's Jewellery.
     4 | D        | Found Bintad Buiku's Advanced Armour.
     5 | D        | Round 1.
     6 | D        | Found a burning altar of Makhleb.
    10 | D        | Became a worshipper of Vehumet
    19 | D        | Found a snail-covered altar of Cheibriados.
    22 | D        | Noticed a worker ant
    26 | D        | Noticed a worker ant
    30 | D        | Killed a worker ant
    30 | D        | Reached skill level 5 in Spellcasting
    30 | D        | Reached XP level 2. HP: 10/17 MP: 4/8
    39 | D        | Succumbed to a worker ant's poison

Illustrated notes

Levels and vault maps discovered:
D:        arena_sprint

Skill      XL: |  1 |
---------------+----+-----
Stealth        | 3 |  3.8
Spellcasting   | 5 |  5.2
Fighting       | |  0.1
Dodging        | |  2.8
Conjurations   | |  1.0
Summonings     | |  1.0
Translocations | |  1.0

Action                   || total
-------------------------++-------
Melee: Dagger            ||     5
       Tentacles         ||     2
       Constrict         ||     2
 Cast: Magic Dart        ||     5
  Use: Potion            ||     3
 Stab: Distracted        ||     1
Dodge: Dodged            ||     5

Table legend: (Time is in decaauts)
 A = Elapsed time spent in this place.
 B = Non-inter-level travel time spent in this place.
 C = Inter-level travel time spent in this place.
 D = Time resting spent in this place.
 E = Time spent auto-exploring this place.
 F = Levels seen in this place.
 G = Mean time per level.
                   A        B        C        D        E       F      G
               +--------+--------+--------+--------+--------+-----+--------+
         Total |     39 |     39 |      0 |      0 |      0 |   1 |   39.0 |
       Dungeon |     39 |     39 |      0 |      0 |      0 |   1 |   39.0 |
               +--------+--------+--------+--------+--------+-----+--------+

Top non-repeatable levels by time:
       D: 39 daAuts
